 Dungeon Crawl Stone Soup version 0.32-a0-999-gfa1cc04b1d (webtiles) character file.

Game seed: 3936124255823013806

140 Strat the Ruffian (level 5, 0/40 HPs)
             Began as a Draconian Shapeshifter on Apr 24, 2024.
             Slain by an orc
             ... wielding a +0 war axe
              (7 damage)
             ... on level 2 of the Dungeon.
             The game lasted 00:02:32 (1818 turns).

Strat the Ruffian (Draconian Shapeshifter)          Turns: 1818, Time: 00:02:33

Health: 0/40       AC:  5    Str: 16    XL:     5   Next: 2%
Magic:  5/5        EV: 11    Int: 10    God:
Gold:   42         SH:  0    Dex: 13    Spells: 4/4 levels left

rFire   . .          .
                       - Unarmed
rCold   . . .        (no shield)
rNeg    . . .        (body armour unavailable)
rPois   .            (helmet currently unavailable)
rElec   .            (cloak currently unavailable)
rCorr   .            (gloves currently unavailable)
SInv    +            (boots currently unavailable)
Will    .....        (no amulet)
Stlth   +            d - ring of see invisible
HPRegen 0.26/turn    (no ring)
MPRegen 0.09/turn

%: no passive effects
@: beast-form
A: beast (slay +2), AC +5, unfitting armour, cold-blooded
a: Begin Untransformation


You were on level 2 of the Dungeon.
You were a hulking beast.
You visited 1 branch of the dungeon, and saw 3 of its levels.

You collected 42 gold pieces.

Inventory:

Missiles
 f - 5 curare-tipped darts (quivered)
Armour
 m - a +0 cloak
Jewellery
 d - a ring of see invisible (left hand)
Talismans
 b - a beast talisman (active)
 c - a flux talisman
Wands
 l - a wand of roots (8)
Scrolls
 h - 2 scrolls of immolation {unknown}
 i - 3 scrolls of identify {unknown}
 j - a scroll of noise {unknown}
Potions
 a - a potion of lignification
 e - a potion of brilliance {unknown}
 g - 2 potions of curing {unknown}
 k - a potion of degeneration {unknown}


   Skills:
 - Level 1.1 Fighting
 - Level 1.8 Dodging
 * Level 4.9 Unarmed Combat
 + Level 3.9 Shapeshifting


You had 4 spell levels left.
You didn't know any spells.
Your spell library was empty.

Dungeon Overview and Level Annotations

Branches:
Dungeon (3/15)

Altars:
Makhleb


Innate Abilities, Weirdness & Mutations

You are a hulking beast.
Your limbs bulge with bestial killing power. (Slay +2)
Your plain brown scales are hard. (AC +5)
You cannot fit into any form of body armour.
You are cold-blooded and may be slowed by cold attacks.


Message History

An orc comes into view. It is wielding a +0 club.
Found a club. 2 orcs come into view.
An orc comes into view. It is wielding a +0 short sword.
The orc shouts! x2; You hear a shout!
You punch the orc!
You kill the orc!
You have reached level 5!
An orc priest comes into view. It is wielding a +0 short sword.
There is an open door here.
The orc hits you but does no damage.
You closely miss the orc. The orc barely misses you.
You closely miss the orc. The orc hits you with a +0 hand axe.
You punch the orc!
You kill the orc!
You barely miss the orc. You punch the orc, but do no damage.
The orc attacks as it pursues you! The orc hits you with a +0 short sword.
The orc attacks as it pursues you! The orc barely misses you.
The orc priest miscasts a cantrip.
You see here a +0 leather armour.
The orc attacks as it pursues you! The orc closely misses you.
The orc priest calls down the wrath of Beogh upon you.
Beogh smites you!
* * * LOW HITPOINT WARNING * * *
The orc attacks as it pursues you! The orc barely misses you.
The orc priest shouts, "The Pantheon deserves no one's loyalty.
Let us show you the true path!" (press Y on the ability menu to convert to Beogh)
The orc attacks as it pursues you! The orc barely misses you.
The orc priest mumbles some strange prayers to Beogh against you.
Beogh smites you!
* * * LOW HITPOINT WARNING * * *
There is a stone staircase leading up here.
The orc hits you but does no damage. The orc hits you with a +0 war axe.
* * * LOW HITPOINT WARNING * * *
You climb upwards.
There is a stone staircase leading down here.
You hit the orc.
The orc is heavily wounded.
The orc hits you but does no damage. The orc hits you with a +0 war axe!
You die...

##.##########.##.
#..##.........##.
#.###.#######.##. #.#
#.#######.##.
#.###.#..........
#.......###.#.#..
###.....# #......
#######.#.#.###.#.#..
#..oho..........#.##.
#.####..#.#...###.###
#.###...#.#...###.#
####....####......#
#....# #..###.###
♣....♣ #...##....
♣...♣♣ #.#.######
♣♣.♣♣ #.#.##### ♣.♣♣
#.......#


You could see 2 orcs.

Vanquished Creatures
  Crazy Yiuf (D:2)
  A hound (D:2)
  2 adders (D:2)
  2 ribbon worms (D:2)
  2 dart slugs (D:1)
  2 orcs (D:3)
  8 bats
  3 endoplasms
  2 giant cockroaches (D:2)
  6 goblins
  4 hobgoblins
  3 jackals (D:1)
  6 kobolds
  A quokka (D:1)
  4 ball pythons
  A frilled lizard (D:1)
  5 rats
53 creatures vanquished.

Notes
Turn   | Place    | Note
-------+----------+-------------------------------------------
     0 | D:1      | Strat the Draconian Shapeshifter began the quest for the
                  | Orb.
     0 | D:1      | Reached XP level 1. HP: 16/16 MP: 1/1
   203 | D:1      | Found a faded altar of an unknown god.
   216 | D:1      | Reached XP level 2. HP: 23/23 MP: 2/2
   515 | D:1      | Reached XP level 3. HP: 28/28 MP: 3/3
   870 | D:2      | Reached skill level 4 in Unarmed Combat
  1074 | D:2      | Reached XP level 4. HP: 35/35 MP: 4/4
  1434 | D:2      | Found a burning altar of Makhleb.
  1483 | D:2      | Found a runed translucent door.
  1484 | D:2      | Noticed Crazy Yiuf
  1622 | D:2      | Killed Crazy Yiuf
  1787 | D:3      | Reached XP level 5. HP: 40/40 MP: 5/5
  1818 | D:2      | Slain by an orc

Illustrated notes

Levels and vault maps discovered:
D:1:      psy_arrival_statuary, layout_loops_corners,
          ebering_ecumenical_altar_sacrificial, grunt_decor_one_mirror
D:2:      layout_loops_ring, basic_altar, uniq_crazy_yiuf_cottage
D:3:      layout_basic

Skill      XL: |  1  2  3 |
---------------+----------+-----
Unarmed Combat | 4 |  4.9
Fighting       | |  1.1
Dodging        | |  1.8
Shapeshifting  | |  3.9

Action                     |  1- 3 |  4- 6 || total
---------------------------+-------+-------++-------
  Melee: Unarmed           |    97 |    35 ||   132
         Tailslap          |    10 |     3 ||    13
         Punch             |     3 |     2 ||     5
   Stab: Sleeping          |       |     1 ||     1
 Armour: Skin              |    67 |    21 ||    88
  Dodge: Dodged            |    47 |    16 ||    63

Table legend: (Time is in decaauts)
 A = Elapsed time spent in this place.
 B = Non-inter-level travel time spent in this place.
 C = Inter-level travel time spent in this place.
 D = Time resting spent in this place.
 E = Time spent auto-exploring this place.
 F = Levels seen in this place.
 G = Mean time per level.
                   A        B        C        D        E       F      G
               +--------+--------+--------+--------+--------+-----+--------+
         Total |   1811 |   1772 |     39 |    109 |   1309 |   3 |  603.7 |
       Dungeon |   1811 |   1772 |     39 |    109 |   1309 |   3 |  603.7 |
               +--------+--------+--------+--------+--------+-----+--------+

Top non-repeatable levels by time:
     D:2: 901 daAuts
     D:1: 846 daAuts
     D:3: 63 daAuts
